 Dungeon Crawl Stone Soup version 0.26-a0-154-g3d63440f56 (console) character file.

Game seed: 12586821928115436833

69 bli the Skirmisher (level 4, -3/38 HPs)
             Began as a Formicid Abyssal Knight on June 30, 2020.
             Was a Believer of Lugonu.
             Slain by a hobgoblin
             ... wielding a +0 club
             ... led by Robin
              (7 damage)
             ... on level 2 of the Dungeon.
             The game lasted 00:06:08 (1751 turns).

bli the Skirmisher (Formicid Abyssal Knight)        Turns: 1751, Time: 00:06:08

Health: -3/38      AC:  4    Str: 12    XL:     4   Next: 42%
Magic:  5/5        EV: 10    Int: 12    God:    Lugonu [**....]
Gold:   91         SH:  3    Dex: 11    Spells: 3/3 levels left

rFire    . . .     SeeInvis +   a - +1 hand axe
rCold    . . .     Faith    .   q - +0 buckler
rNeg     . . .     Spirit   .   b - +0 leather armour
rPois    .         Reflect  .   (helmet unavailable)
rElec    .         Harm     .   (no cloak)
rCorr    .                      (no gloves)
MR       .....                  k - +0 pair of boots
Stlth    ++........             (no amulet)
HPRegen  0.12/turn              (no ring)
MPRegen  0.09/turn              (no ring)

@: no status effects
A: permanent stasis, dig shafts and tunnels, four strong arms, antennae 3,
[blurry vision 2], [weak 2]
a: Dig, Shaft Self, Depart the Abyss, Bend Space, Renounce Religion


You were on level 2 of the Dungeon.
You worshipped Lugonu.
Lugonu was pleased with you.
You were not hungry.

You visited 1 branch of the dungeon, and saw 2 of its levels.
You visited the Abyss 1 time.

You collected 91 gold pieces.

Inventory:

Hand Weapons
 a - a +1 hand axe (weapon)
 m - a +0 hunting sling
Missiles
 f - 56 stones (quivered)
 h - 32 poisoned darts
 j - 4 boomerangs
Armour
 b - a +0 leather armour (worn)
 k - a +0 pair of boots (worn)
 l - a +0 chain mail
 q - a +0 buckler (worn)
Scrolls
 e - a scroll of fear {unknown}
 g - 7 scrolls of identify {unknown}
 n - a scroll of remove curse {unknown}
Potions
 d - 2 potions of heal wounds
 i - a potion of might {unknown}
 o - 3 potions of curing {unknown}
Comestibles
 c - 4 rations
 p - 2 chunks of flesh


   Skills:
 + Level 4.5 Fighting
 - Level 2.0 Axes
 + Level 2.7 Armour
 + Level 1.3 Dodging
 * Level 1.8 Stealth
 - Level 2.1 Invocations


You had 3 spell levels left.
You didn't know any spells.
Your spell library was empty.

Dungeon Overview and Level Annotations

Branches:
Dungeon (2/15)

Altars:
Hepliaklqana

Annotations:
D:2 Robin


Innate Abilities, Weirdness & Mutations

You cannot be hasted, slowed, berserked, paralysed or teleported.
You can dig through walls and to a lower floor.
Your four strong arms can wield two-handed weapons with a shield.
You have a pair of large antennae on your head. (SInv)
[Scrolls take you longer to read.]
[You are very weak. (Str -4)]


Message History

The hobgoblin hits you but does no damage.
The goblin hits you. The goblin hits you with a +0 club.
The hobgoblin hits you with a +0 club.
You hit the goblin.
You kill the goblin!
Lugonu accepts your kill.
You hit the hobgoblin. You hit the goblin.
You kill the goblin!
Lugonu accepts your kill.
You hit the hobgoblin. The hobgoblin hits you with a +0 club.
* * * LOW HITPOINT WARNING * * *
A goblin comes into view. It is wielding a +0 dagger.
Robin roars a battlecry!
The goblins go into a battle-frenzy!
The hobgoblin hits you with a +0 club.
* * * LOW HITPOINT WARNING * * *
The hobgoblin misses you. The hobgoblin hits you with a +0 club.
* * * LOW HITPOINT WARNING * * *
The hobgoblin hits you with a +0 club!
You die...

### #. ..# #. ## #.#####. #..
........ .. ## #..##.####.#
.###.##.. #....#....#
.......$## ###..#.#..#
..........###########......##.#
#...<.................##..###..
#.......###.#g.......###...#..#
........gh)g†g@.....## ##.....#
..........#.(gg....## #..##.#
.........###....#..# #...#.#
>......#.######....## ##.....
.).$..##..# ##....## ##....
[..... ##.### #.#...# #....#
..h.. ##...####..#..# #..##.#
..... #........#.#..# #.# #..
.g.. #........#.#....... ###
g... #..............#### #
............#.... #


You could see Robin, a jackal, 3 hobgoblins and 2 goblins.

Vanquished Creatures
  An ooze (D:1)
  2 worms (D:2)
  3 dart slugs (D:1)
  3 leopard geckos
  A ball python (D:1)
  A giant cockroach (D:2)
  8 goblins
  4 hobgoblins (D:1)
  5 jackals (D:1)
  3 kobolds (D:1)
  4 bats
  5 frilled lizards
  11 rats (D:1)
51 creatures vanquished.

Vanquished Creatures (others)
  A goblin (D:1)
1 creature vanquished.

Grand Total: 52 creatures vanquished

Notes
Turn   | Place    | Note
-------+----------+-------------------------------------------
     0 | Abyss:1  | bli the Formicid Abyssal Knight began the quest for the
                  | Orb.
     0 | Abyss:1  | Reached XP level 1. HP: 18/18 MP: 2/2
    69 | Abyss:1  | Noticed a bone dragon
    86 | Abyss:1  | Noticed an ancient zyme
   100 | Abyss:1  | Noticed a small abomination
   100 | Abyss:1  | Noticed a wretched star
   103 | D:1      | Escaped the Abyss
   179 | D:1      | Reached XP level 2. HP: 12/24 MP: 3/3
   420 | D:1      | Reached * piety under Lugonu
   729 | D:1      | Reached skill level 4 in Fighting
   768 | D:1      | Reached XP level 3. HP: 27/30 MP: 4/4
   775 | D:1      | Reached skill level 1 in Dodging
   778 | D:1      | Reached skill level 1 in Stealth
  1174 | D:1      | Reached XP level 4. HP: 28/38 MP: 5/5
  1469 | D:2      | Found a hazy altar of Hepliaklqana.
  1730 | D:2      | Noticed Robin
  1738 | D:2      | Reached ** piety under Lugonu
  1751 | D:2      | Slain by a hobgoblin

Illustrated notes

Levels and vault maps discovered:
D:1:      onia_arrival_handbag, layout_basic, serial_corexii_hall,
          corexii_hall_statues_x, corexii_hall_statues_i, minmay_bisected
D:2:      layout_rooms, old_standard_altar, uniq_robin, uniq_jessica

Skill      XL: |  1  2  3 |
---------------+----------+-----
Fighting       | 4 |  4.5
Dodging        | 1 |  1.3
Stealth        | 1 |  1.8
Axes           | |  2.0
Armour         | |  2.7
Invocations    | |  2.1

Action                   |  1- 3 |  4- 6 || total
-------------------------+-------+-------++-------
Melee: Hand axe          |   108 |    35 ||   143
Throw: Stone             |       |     1 ||     1
Invok: Depart the Abyss  |     1 |       ||     1
 Abil: Dig               |     2 |       ||     2
  Use: Potion            |     1 |       ||     1
  Eat: Chunk             |     1 |     2 ||     3
Armor: Leather armour    |    30 |    16 ||    46
Dodge: Dodged            |    84 |    16 ||   100

Table legend:
 A = Non-vault XP
 B = Vault XP
 C = Vault XP percentage of total XP
 D = Non-vault monster count
 E = Vault monster count
 F = Vault count percentage of total count
                 A         B        C        D         E       F
            +---------+---------+-------+---------+---------+-------
      Total |      72 |      27 |  27.3 |      37 |      14 |  27.5
            +---------+---------+-------+---------+---------+-------
        D:1 |      55 |      16 |  22.5 |      31 |       7 |  18.4
        D:2 |      17 |      11 |  39.3 |       6 |       7 |  53.8
            +---------+---------+-------+---------+---------+-------
